 Dungeon Crawl Stone Soup version 0.29.1-1-gd02db6906a (webtiles) character file.

Game seed: 5640408715944258145

3740 DemonSlayer the Firebug (level 9, -7/62 HPs)
             Began as a Demonspawn Fire Elementalist on Oct 11, 2022.
             Mangled by a killer bee (8 damage)
             ... on level 8 of the Dungeon.
             The game lasted 00:14:18 (9035 turns).

DemonSlayer the Firebug (DsFE)                      Turns: 9035, Time: 00:14:19

Health: -7/62      AC: 12    Str:  8    XL:     9   Next: 93%
Magic:  10/20      EV: 12    Int: 21    God:
Gold:   241        SH:  0    Dex: 14    Spells: 13/23 levels left

rFire   . . .      SeeInvis +   b - +6 dire flail (vorpal)
rCold   . . .      Faith    .   (shield currently unavailable)
rNeg    + . .      Spirit   .   o - +0 ring mail {Will+}
rPois   .          Reflect  .   (no helmet)
rElec   +          Harm     .   (no cloak)
rCorr   .          Rampage  .   l - +2 pair of gloves
Will    +....                   (no boots)
Stlth   +.........              (no amulet)
HPRegen 0.20/turn               h - ring of see invisible
MPRegen 0.17/turn               j - ring of Lunyce {Drain rElec rN+ AC+4 Slay+2}

@: lethally poisoned (-7 -> -22)
A: claws 1, repulsion field 1, foul stench 1
a: no special abilities


You were on level 8 of the Dungeon.
You visited 2 branches of the dungeon, and saw 9 of its levels.

You collected 241 gold pieces.

Inventory:

Hand Weapons
 b - a +6 vorpal dire flail (weapon)
Armour
 l - a +2 pair of gloves (worn)
 o - a +0 ring mail of willpower (worn)
Jewellery
 e - a ring of positive energy
 h - a ring of see invisible (left hand)
 j - the ring of Lunyce (right hand) {Drain rElec rN+ AC+4 Slay+2}
   (You found it on level 2 of the Dungeon)

   [ring of protection]

   AC:        It affects your AC (+4).
   Slay:      It affects your accuracy & damage with ranged weapons and melee
   (+2).
   rElec:     It insulates you from electricity.
   rN:        It protects you from negative energy.
   Drain:     It drains your maximum health when unequipped.
Wands
 a - a wand of light (4)
Scrolls
 k - a scroll of identify
Potions
 c - a potion of lignification
 d - 2 potions of brilliance
 f - a potion of magic
 g - a potion of flight


   Skills:
 + Level 2.3 Fighting
 + Level 3.5(4.2) Axes
 + Level 3.6(4.3) Maces & Flails
 + Level 3.4 Armour
 + Level 2.9 Dodging
 + Level 2.3 Stealth
 + Level 7.6 Spellcasting
 + Level 2.3 Conjurations
 + Level 7.9 Fire Magic


You had 13 spell levels left.
You knew the following spells:

 Your Spells              Type           Power      Damage    Failure   Level
a - Foxfire               Conj/Fire      100%       2x1d9     3%          1
b - Scorch                Fire           82%        2d9       1%          2
c - Conjure Flame         Conj/Fire      29%        6-21      9%          3
d - Flame Wave            Conj/Fire      29%        2d9       28%         4

Your spell library contained the following spells:

 Spells                   Type           Power      Damage    Failure   Level
 Magic Dart               Conj           68%        1d6       10%         1
 Searing Ray              Conj           34%        2d5       14%         2
 Inner Flame              Hex/Fire       24%        N/A       14%         3
 Ensorcelled Hibernation  Hex/Ice        16%        N/A       34%         2
 Spider Form              Tmut/Pois      8%         N/A       56%         3
 Fulminant Prism          Conj/Hex       6%         3d7       83%         4
 Anguish                  Hex/Necr       4%         N/A       93%         4


Dungeon Overview and Level Annotations

Branches:
Dungeon (8/15)             Temple (1/1) D:5
   Lair: D:8-11

Altars:
Dithmenos
Fedhas
Gozag
Hepliaklqana
Kikubaaqudgha
Makhleb
Nemelex Xobeh
Qazlal
Trog
Vehumet
Wu Jian
Xom
Yredelemnul

Shops:
D:6 (


Innate Abilities, Weirdness & Mutations

You have sharp fingernails.
You are surrounded by a mild repulsion field. (EV +2)
You may rarely emit foul miasma when damaged in melee.


Message History

The killer bee barely misses you.
Unknown command.
Okay, then.
Okay, then.
Okay, then.
You feel sick. The killer bee barely misses you.
The killer bee is engulfed in dark miasma.
The killer bee looks even sicker.
The killer bee barely misses you. x2
You puncture the killer bee!
You kill the killer bee!
You feel very sick.
The killer bee stings you but does no damage. x2
The killer bee stings you.
* * * LOW HITPOINT WARNING * * *
You are more poisoned.
The killer bee poisons you! The killer bee stings you.
* * * LOW HITPOINT WARNING * * *
You are lethally poisoned!
The killer bee poisons you!
The killer bee stings you but does no damage.
The killer bee barely misses you.
The killer bee stings you but does no damage.
You closely miss the killer bee.
The killer bee is severely wounded.
* * * LOW HITPOINT WARNING * * *
You feel very sick.
You kill the killer bee!
The killer bee misses you. x2
The killer bee stings you but does no damage. x3
The killer bee closely misses you.
You barely miss the killer bee.
The killer bee is severely wounded.
* * * LOW HITPOINT WARNING * * *
You feel very sick. The killer bee misses you.
The killer bee closely misses you.
The killer bee stings you but does no damage. x2
The killer bee stings you.
* * * LOW HITPOINT WARNING * * *
The killer bee closely misses you. The killer bee stings you!
You die...

.. .. #. #.
#. ##.##
#.☼†##
#..yy##
###†@.#
##y.#######
#.....)..##
#...####..#
#...# ##.#
#..## #.#
#..# #.#
#### #.# #.
##.##


You could see 3 killer bees.

Vanquished Creatures
  A two-headed ogre (D:8)
  Prince Ribbit (D:5)
  Sigmund (D:5)
  Eustachio (D:4)
  Menkaure (D:5)
  Edmund (D:5)
  3 water moccasins
  An orc warrior (D:5)
  2 black bears (D:5)
  3 ice beasts
  An ogre (D:6)
  A phantom (D:5)
  A kobold brigand (D:8)
  A bullfrog (D:6)
  A necrophage (D:6)
  2 scorpions
  6 killer bees (D:8)
  5 hounds
  A gnoll bouda (D:7)
  2 orc priests
  3 iguanas
  Ijyb (D:3)
  Natasha (thrice) (D:3)
  4 orc wizards
  Robin (D:3)
  12 adders
  8 gnolls
  A shadow imp (D:5)
  A white imp (D:7)
  2 ufetubi
  A worm (D:3)
  3 dart slugs
  12 orcs
  5 bats
  3 endoplasms
  2 giant cockroaches
  11 goblins
  7 hobgoblins
  3 jackals (D:3)
  11 kobolds
  7 quokkas
  8 ball pythons
  4 frilled lizards
  3 rats
152 creatures vanquished.

Vanquished Creatures (others)
  167 foxfires
167 creatures vanquished.

Grand Total: 319 creatures vanquished

Notes
Turn   | Place    | Note
-------+----------+-------------------------------------------
     0 | D:1      | DemonSlayer the Demonspawn Fire Elementalist began the
                  | quest for the Orb.
     0 | D:1      | Reached XP level 1. HP: 13/13 MP: 3/3
   506 | D:1      | Gained mutation: You are surrounded by a mild repulsion
                  | field. (EV +2) [demonic ancestry]
   506 | D:1      | Reached XP level 2. HP: 13/19 MP: 5/5
   509 | D:1      | Learned a level 2 spell: Scorch
  1434 | D:2      | Reached XP level 3. HP: 24/24 MP: 2/6
  1609 | D:2      | Identified the ring of Lunyce {Drain rElec rN+ AC+4 Slay+2}
  2535 | D:3      | Noticed Robin
  2550 | D:3      | Killed Robin
  2551 | D:3      | Gained mutation: You have sharp fingernails. [demonic
                  | ancestry]
  2551 | D:3      | Reached XP level 4. HP: 15/31 MP: 2/7
  2848 | D:3      | Reached skill level 1 in Fighting
  2903 | D:3      | Noticed Ijyb
  2912 | D:3      | Killed Ijyb
  3367 | D:3      | Noticed Natasha
  3371 | D:3      | Reached XP level 5. HP: 35/37 MP: 6/9
  3372 | D:3      | Killed Natasha
  3373 | D:3      | Reached skill level 1 in Axes
  3608 | D:3      | Noticed Natasha
  3609 | D:3      | Killed Natasha
  3610 | D:3      | Reached skill level 1 in Armour
  3947 | D:3      | Noticed Natasha
  3950 | D:3      | Killed Natasha
  4167 | D:2      | Found a faded altar of an unknown god.
  4271 | D:2      | Learned a level 3 spell: Conjure Flame
  4276 | D:2      | Learned a level 4 spell: Flame Wave
  4467 | D:4      | Noticed Eustachio
  4500 | D:4      | Killed Eustachio
  4501 | D:4      | Gained mutation: You may rarely emit foul miasma when
                  | damaged in melee. [demonic ancestry]
  4501 | D:4      | Reached XP level 6. HP: 37/43 MP: 2/11
  5022 | D:5      | Entered Level 5 of the Dungeon
  5050 | D:5      | Noticed Sigmund
  5051 | D:5      | Reached XP level 7. HP: 46/48 MP: 0/13
  5080 | D:5      | Killed Sigmund
  5081 | D:5      | Reached skill level 5 in Fire Magic
  5265 | D:5      | Noticed Menkaure
  5273 | D:5      | Killed Menkaure
  5313 | D:5      | Reached XP level 8. HP: 32/54 MP: 3/15
  5462 | D:5      | Noticed Prince Ribbit
  5466 | D:5      | Killed Prince Ribbit
  5467 | D:5      | Reached skill level 5 in Spellcasting
  5624 | D:5      | Found a staircase to the Ecumenical Temple.
  6213 | D:5      | Noticed Edmund
  6222 | D:5      | Killed Edmund
  6542 | D:6      | Reached skill level 1 in Maces & Flails
  6615 | D:6      | Found Ato Maal's Weapon Boutique.
  6636 | D:6      | Reached XP level 9. HP: 61/61 MP: 0/18
  7723 | Temple   | Entered the Ecumenical Temple
  8855 | D:8      | Noticed a two-headed ogre
  8863 | D:8      | Killed a two-headed ogre
  9035 | D:8      | HP: 1/62 [killer bee (6)]
  9035 | D:8      | Mangled by a killer bee

Illustrated notes

Levels and vault maps discovered:
D:1:      dpeg_cavernosity, layout_rooms, fountainhead, due_unseen_surprise
D:2:      layout_basic, dilly_ecumenical_altar_fadedgnrine, minmay_unequal
D:3:      layout_basic, kennysheep_donut, roderic_roman_lattice,
          chequers_serial_rivers_large_b, uniq_ijyb, uniq_robin, uniq_natasha
D:4:      layout_gridville, uniq_eustachio
D:5:      layout_layer_cave, temple_fountains, uniq_sigmund,
          uniq_prince_ribbit1, uniq_menkaure, uniq_edmund
D:6:      layout_cave_pods, nicolae_elyvilon_temple_path, serial_shops,
          nicolae_shop_bloodbath_and_beyond
D:7:      layout_loops_cross, nicolae_ru_great_annihilating_truth,
          serial_aquarium, aquarium_bridge_square [aquarium_subvault_window,
          aquarium_subvault_bridge, aquarium_subvault_bridge,
          aquarium_subvault_wall], aquarium_window_fake, aquarium_window_fake,
          aquarium_window_2, aquarium_view_2d, aquarium_view_2c,
          aquarium_pool_side, uniq_crazy_yiuf_cottage
D:8:      layout_layer_cave, mainiacjoe_overflow_alcove_1, grunt_decor_fettered,
          minmay_misc_feat_doors, minmay_misc_feat_more_columns,
          minmay_misc_feat_tower
Temple:   nicolae_temple_ecumenical_triangle

Skill      XL: |  1  2  3  4  5  6  7  8  9 |
---------------+----------------------------+-----
Dodging        | 2 |  2.9
Fire Magic     | 3 4 5 7 |  7.9
Conjurations   | 2 |  2.3
Fighting       | 1 2 |  2.3
Axes           | 1 2 3 |  3.5
Spellcasting   | 3 4 6 7 |  7.6
Armour         | 1 2 3 |  3.4
Stealth        | 2 |  2.3
Maces & Flails | 1 3 |  3.6

Action                   |  1- 3 |  4- 6 |  7- 9 || total
-------------------------+-------+-------+-------++-------
Melee: Hand axe          |    35 |    40 |    36 ||   111
       Punch             |       |     1 |       ||     1
       Dire flail        |       |       |    53 ||    53
 Cast: Foxfire           |    96 |     8 |       ||   104
       Scorch            |       |    48 |   117 ||   165
  Use: Potion            |     1 |     2 |     5 ||     8
       Scroll            |     1 |     7 |     4 ||    12
 Stab: Sleeping          |       |     1 |       ||     1
Armor: Leather armour    |    13 |    15 |    22 ||    50
       Ring mail         |       |       |    42 ||    42
       Skin              |       |       |    57 ||    57
Dodge: Dodged            |    34 |    37 |   102 ||   173
